 Dungeon Crawl Stone Soup version 0.23.2-1-ga50397a6bc (webtiles) character file.

Game seed: 13537657811459036194

28 Menchi the Skirmisher (level 3, -1/36 HPs)
             Began as a Naga Fighter on May 17, 2019.
             Slain by an adder (3 damage)
             ... on level 2 of the Dungeon.
             The game lasted 00:01:13 (618 turns).

Menchi the Skirmisher (Naga Fighter)                 Turns: 618, Time: 00:01:14

Health: -1/36      AC:  4    Str: 24    XL:     3   Next: 14%
Magic:  3/3        EV:  8    Int:  8    God:
Gold:   24         SH:  0    Dex: 10    Spells: 2/2 levels left

rFire    . . .     SeeInvis +   a - +0 long sword
rCold    . . .     Gourm    .   (no shield)
rNeg     . . .     Faith    .   b - +0 scale mail
rPois    +         Spirit   .   (no helmet)
rElec    .         Reflect  .   (no cloak)
rCorr    .         Harm     .   (no gloves)
MR       .....                  (no barding)
Stlth    ..........             (no amulet)
HPRegen  0.12/turn              (no ring)
MPRegen  0.08/turn              (no ring)

@: mighty, very slow
A: large, see invisible, deformed body, poison resistance, slowness 2, slow
metabolism 1, spit poison 1, AC +1
a: Spit Poison


You were on level 2 of the Dungeon.
You were not hungry.

You visited 1 branch of the dungeon, and saw 2 of its levels.

You collected 24 gold pieces.

Inventory:

Hand Weapons
 a - a +0 long sword (weapon)
Armour
 b - a +0 scale mail (worn)
 c - a +0 shield
Scrolls
 e - a scroll of amnesia {unknown}
 h - a scroll of magic mapping {unknown}
Potions
 i - a potion of cancellation {unknown}
Comestibles
 f - 2 rations


   Skills:
 * Level 3.6 Fighting
 - Level 2.0 Long Blades
 - Level 2.4 Armour
 + Level 0.8 Dodging
 + Level 2.7 Shields


You had 2 spell levels left.
You didn't know any spells.
Your spell library was empty.

Dungeon Overview and Level Annotations

Branches:
Dungeon (1/15)

Altars:
Trog


Innate Abilities, Weirdness & Mutations

You cannot wear boots.
Your serpentine skin is tough. (AC +1)
You have supernaturally acute eyesight. (SInv)
Armour fits poorly on your strangely shaped body.
Your system is resistant to poisons. (rPois)
You cover ground very slowly.
You have a slow metabolism.
You can spit poison.


Message History

* * * LOW HITPOINT WARNING * * *
The leopard gecko bites you but does no damage.
The bat hits you but does no damage.
It was a potion of curing.
You feel better. The bat hits you but does no damage.
The bat barely misses you.
You riposte.
You closely miss the bat. The adder bites you.
* * * LOW HITPOINT WARNING * * *
The leopard gecko misses you. The adder bites you.
* * * LOW HITPOINT WARNING * * *
You feel very mighty all of a sudden. The bat hits you but does no damage. x2
The leopard gecko bites you but does no damage.
The adder barely misses you.
You miss the adder.
The adder is lightly wounded.
The bat barely misses you.
You riposte.
You closely miss the bat. The leopard gecko bites you.
* * * LOW HITPOINT WARNING * * *
The adder bites you.
You die...

...#.......### #.#####.#.#
...#....$..#####.......#..
..........)...............
###.......############.##
#.......# #........#.
####.......# #..........
.........### #..........
.........#######..........
.%......S@........######..
........l#.b..........##..
.........#............###.
.........#............# #.
.........#............####
##.......########.##...# #
...####### ####.##...# #
#.# .....##...# # #.
.....##...###


You could see an adder, a leopard gecko and a bat.

Vanquished Creatures
  An adder (D:2)
  A worm (D:2)
  A leopard gecko (D:2)
  A giant cockroach (D:1)
  A hobgoblin (D:2)
  A jackal (D:1)
  A kobold (D:1)
  A quokka (D:2)
  2 bats
  7 rats (D:1)
17 creatures vanquished.

Notes
Turn   | Place    | Note
-------+----------+-------------------------------------------
     0 | D:1      | Menchi the Naga Fighter began the quest for the Orb.
     0 | D:1      | Reached XP level 1. HP: 21/21 MP: 1/1
   334 | D:1      | Reached XP level 2. HP: 28/28 MP: 2/2
   432 | D:1      | You fall through a shaft!
   472 | D:2      | Found a bloodstained altar of Trog.
   584 | D:2      | Reached XP level 3. HP: 22/34 MP: 3/3
   615 | D:2      | HP: 1/36 [adder (3)]
   618 | D:2      | Slain by an adder

Action                   || total
-------------------------++-------
Melee: Long sword        ||    73
 Abil: Spit Poison       ||     1
  Use: Potion            ||     2
Armor: Scale mail        ||    79
Dodge: Dodged            ||    66
       Rpst.: Long sword ||    23
